Map: Chain of Ascension

Players

monk

  • Race: Protoss Protoss
  • Spawn Location: 11:00

XxMaximusxX

  • Race: Terran Terran
  • Spawn Location: 11:00

VOD

Have the link to the VOD?

Description

Time

  • Played on: Aug. 12, 2017, 3:16 a.m.
  • Length: 18:39
Show
View Real Time Build Order
Export as new Build Order

monk Protoss 

Build Orders:  

Get SALT Encoding   

  12  0:02  Probe (Chrono Boost)  
  12  0:05  Dark Pylon  
  13  0:16  Probe (Chrono Boost)  
  14  0:23  Assimilator  
  14  0:30  Probe (Chrono Boost)  
  15  0:40  Assimilator  
  15  0:44  Probe (Chrono Boost)  
  16  0:58  Probe (Chrono Boost)  
  17  1:03  Gateway  
  17  1:11  Probe (Chrono Boost)  
  18  1:25  Probe (Chrono Boost)  
  19  1:30  Forge  
  19  1:39  Probe (Chrono Boost)  
  20  1:53  Probe (Chrono Boost)  
  20  1:59  Pylon  
  21  2:07  Probe (Chrono Boost)  
  22  2:10  Protoss Ground Weapons Level 1 (Chrono Boost)  
  22  2:21  Cybernetics Core  
  22  2:33  Probe  
  23  2:53  Gateway  
  23  2:55  Gateway  
  23  3:12  Death Council  
  23  3:46  Probe  
  24  3:54  Assimilator  
  24  4:01  Assimilator  
  24  4:04  Nexus  
  24  4:09  Warp Gate  
  24  4:12  Probe  
  24  4:19  Dark Shrine  
  25  4:20  Protoss Ground Weapons Level 2 (Chrono Boost)  
  25  4:30  Probe (Chrono Boost)  
  25  4:38  Dark Pylon  
  26  4:44  Probe (Chrono Boost)  
  27  4:58  Probe (Chrono Boost)  
  28  5:06  Shadow Fury (Chrono Boost)  
  28  5:12  Probe (Chrono Boost)  
  29  5:21  Gateway  
  29  5:26  Probe (Chrono Boost)  
  30  5:30  Gateway  
  35  5:40  Probe (Chrono Boost)  
  30  5:44  Probe (Chrono Boost)  
  32  5:53  Probe (Chrono Boost)  
  33  6:05  Dark Templar x2  
  33  6:07  Blink  
  33  6:08  Probe (Chrono Boost)  
  33  6:09  Probe (Chrono Boost)  
  39  6:21  Dark Templar  
  39  6:23  Probe (Chrono Boost)  
  42  6:40  Pylon  
  42  6:46  Dark Templar  
  44  7:12  Dark Templar Blink (Chrono Boost)  
  44  7:14  Gateway  
  44  7:15  Gateway  
  44  7:17  Gateway  
  44  7:22  Dark Templar, Pylon x2  
  46  7:39  Protoss Ground Weapons Level 3 (Chrono Boost)  
  46  7:41  Dark Templar  
  46  7:42  Dark Templar x2  
  52  7:55  Probe  
  53  8:11  Stalker  
  53  8:12  Stalker  
  57  8:31  Stalker  
  57  8:32  Stalker  
  57  8:33  Stalker  
  63  8:45  Stalker  
  65  8:56  Phase Reactor (Chrono Boost)  
  65  9:11  Probe  
  65  9:18  Stalker x2  
  65  9:19  Stalker  
  72  9:21  Dark Templar x3  
  78  9:36  Pylon  
  78  9:38  Pylon  
  78  9:39  Pylon  
  78  10:02  Pylon  
  78  10:04  Pylon  
  78  10:30  Stalker  
  78  10:31  Stalker x3  
  78  10:32  Dark Templar  
  78  10:33  Dark Templar x3  
  94  10:46  Dark Pylon  
  94  11:04  Dark Templar  
  94  11:05  Dark Templar x3  
  102  11:22  Pylon  
  102  11:29  Dark Templar  
  104  11:30  Dark Templar x3  
  108  12:10  Dark Templar x4  
  116  12:27  Dark Templar x4  
  122  12:38  Protoss Shields Level 1 (Chrono Boost)  
  114  12:52  Stalker  
  110  13:04  Stalker x3  
  116  13:19  Dark Templar x4  
  124  13:29  Probe  
  125  13:35  Dark Templar  
  127  13:44  Stalker  
  127  13:45  Stalker x2  
  133  14:41  Pylon  
  133  14:43  Pylon  
  133  14:44  Pylon  
  133  14:45  Pylon  
  133  14:46  Pylon  
  133  14:50  Pylon  
  133  14:53  Pylon  
  133  14:54  Pylon  
  133  15:14  Pylon  
  133  15:19  Pylon  
  131  15:22  Stalker x4  
  131  15:23  Stalker x2  
  143  15:37  Dark Templar  
  143  15:38  Dark Templar  
  145  16:00  Dark Templar x2  
  145  16:01  Dark Templar x4  
  143  16:24  Dark Templar  
  143  16:25  Dark Templar  
  147  16:41  Dark Templar, Pylon  
  147  16:53  Dark Templar x4  
  147  16:54  Dark Templar  
  155  17:19  Stalker x2  
  151  17:37  Dark Templar  
  141  18:04  Dark Templar x3  
  141  18:05  Dark Templar x3  
Show
View Real Time Build Order
Export as new Build Order

XxMaximusxX Terran 

Build Orders:  

Get SALT Encoding   

  12  0:06  SCV  
  6  0:50  SCV  
  12  0:58  Barracks  
  13  1:21  SCV  
  14  2:07  SCV  
  15  2:12  Supply Depot  
  15  4:59  SCV  
  16  5:16  SCV  
  16  15:54  SCV  
  16  16:11  SCV  
  17  16:28  SCV  
Tags
 
Add a new tag
Caveats
  • Supply blocks, unpowered buildings, or Contaminate may cause inaccurate times.
  • Supply counts are checked every 10 seconds.